 Dungeon Crawl Stone Soup version 0.21-a0-444-g29a2fec (webtiles) character file.

44 vineage the Slasher (level 3, 0/19 HPs)
             Began as a Vine Stalker Fighter on Nov 17, 2017.
             Was an Initiate of Makhleb.
             Slain by Sigmund
             ... wielding a +0 scythe
              (1 damage)
             ... on level 2 of the Dungeon.
             The game lasted 00:01:58 (824 turns).

vineage the Slasher (Vine Stalker Fighter)           Turns: 824, Time: 00:01:58

Health: 0/19       AC:  6    Str: 24    XL:     3   Next: 62%
Magic:  0/4        EV:  7    Int:  8    God:    Makhleb [......]
Gold:   56         SH:  8    Dex: 13    Spells: 2/2 levels left

rFire    . . .     SeeInvis .   a - +0 long sword
rCold    . . .     Gourm    .   c - +0 shield
rNeg     . . .     Faith    .   b - +0 scale mail
rPois    .         Spirit   +   (no helmet)
rElec    .         Reflect  .   (no cloak)
rCorr    .         Harm     .   (no gloves)
MR       .....                  (no boots)
Stlth    ..........             (no amulet)
HPRegen  0.06/turn              (no ring)
MPRegen  0.09/turn              (no ring)

@: mighty, heavily drained
A: fangs 2, magic shield, antimagic bite, no potion heal 3, rot immunity
a: Renounce Religion


You were on level 2 of the Dungeon.
You worshipped Makhleb.
Makhleb was noncommittal.
You were not hungry.

You visited 1 branch of the dungeon, and saw 2 of its levels.

You collected 56 gold pieces.

Inventory:

Hand Weapons
 a - a +0 long sword (weapon)
Armour
 b - a +0 scale mail (worn)
 c - a +0 shield (worn)
Wands
 q - a wand of polymorph (13/24)
Scrolls
 g - 2 scrolls of teleportation {unknown}
 h - a scroll of identify {unknown}
 j - a scroll of amnesia {unknown}
 k - a scroll of fear {unknown}
 n - a scroll of enchant armour {unknown}
 o - a scroll of immolation {unknown}
 r - a scroll of blinking {unknown}
Potions
 d - 2 potions of might
 e - a potion of curing {unknown}
 i - a potion of ambrosia {unknown}
 l - a potion of resistance {unknown}
 m - a potion of haste {unknown}
Comestibles
 f - a bread ration
 p - a meat ration


   Skills:
 - Level 2.6(1.1) Fighting
 + Level 3.5(1.9) Long Blades
 - Level 2.4(0.8) Armour
 - Level 2.6(1.1) Shields


You had 2 spell levels left.
You didn't know any spells.

Dungeon Overview and Level Annotations

Branches:
Dungeon (2/15)

Altars:
Makhleb
Zin

Annotations:
D:2 Sigmund


Innate Abilities, Weirdness & Mutations

You have extremely sharp teeth.
When hurt, damage is shared between your health and your magic reserves.
Your bite disrupts and absorbs the magic of your enemies.
Potions cannot restore your health.
You are immune to rotting.


Message History

Found a stone staircase leading down.
r - a scroll labeled ZOFUIT MYAXUNI
Found a stone staircase leading up.
Found a stone staircase leading down.
You now have 56 gold pieces (gained 10).
Sigmund the Dreaded comes into view.
He is wielding a scythe.
Sigmund shouts!
Sigmund is nearby!
Sigmund points at you and mumbles some strange words.
The magic dart hits you!
Sigmund points at you and mumbles some strange words.
The magic dart hits you!
You are too injured to fight recklessly!
Okay, then.
You feel very mighty all of a sudden. Sigmund gestures at you while chanting.
The puff of flame hits you!
* * * LOW HITPOINT WARNING * * *
Sigmund hits you with a scythe.
You die...

#.###### #.# #....
.......####.###....
#. ###..........##.
#.##...####.######.
#...###.###.# #.
#>..# ##.##.# #.
.#####...# #....#
#. =......@.#
##.#### ##
####@.###.###
#...<.....#
#.#######.# #.# #.#
#.##### #.# #.....#
#.# #####.# #.#
#.###.########
#..........>.#


You could see Sigmund.

Vanquished Creatures
  A gnoll (D:1)
  A dart slug (D:1)
  3 giant cockroaches (D:1)
  A goblin (D:1)
  10 hobgoblins
  5 bats
  2 frilled lizards (D:1)
  4 kobolds
  4 rats
31 creatures vanquished.

Notes
Turn   | Place    | Note
-------+----------+-------------------------------------------
     0 | D:1      | vineage the Vine Stalker Fighter began the quest for the Orb.
     0 | D:1      | Reached XP level 1. HP: 11/11 MP: 2/2
    43 | D:1      | Reached skill level 2 in Long Blades
    50 | D:1      | Reached XP level 2. HP: 8/16 MP: 3/3
   133 | D:1      | Reached skill level 3 in Long Blades
   139 | D:1      | Reached XP level 3. HP: 10/19 MP: 4/4
   555 | D:2      | Found a burning altar of Makhleb.
   557 | D:2      | Noticed a blizzard demon
   561 | D:2      | Found a glowing silver altar of Zin.
   561 | D:2      | Noticed an angel
   565 | D:2      | Became a worshipper of Makhleb the Destroyer
   819 | D:2      | Noticed Sigmund
   824 | D:2      | Slain by Sigmund

Vault maps used:
D:1:      minmay_arrival_wavy_path, minmay_misc_feat_more_columns
D:2:      grunt_temple_overflow_order_and_chaos_2, uniq_sigmund

Skill      XL: |  1  2 |
---------------+-------+-----
Long Blades    | 2 3 |  3.5
Fighting       | |  2.6
Armour         | |  2.4
Shields        | |  2.6

Action                   || total
-------------------------++-------
Melee: Long sword        ||    80
       Bite              ||    22
  Use: Potion            ||     1
Armor: Scale mail        ||    54
Dodge: Dodged            ||    27
Block: Shield            ||    47
       Rpst.: Long sword ||     5

Table legend:
 A = Spawn XP
 B = Non-spawn XP
 C = Spawn XP percentage of total XP
 D = Spawn monster count
 E = Non-spawn monster count
 F = Spawn count percentage of total count
 G = Total turns spent on level
                    A         B        C        D         E        F      G
               +---------+---------+-------+---------+---------+-------+---------
         Total |       0 |      64 |   0.0 |       0 |      31 |   0.0 |   824
               +---------+---------+-------+---------+---------+-------+---------
           D:1 |       0 |      54 |   0.0 |       0 |      24 |   0.0 |   392
           D:2 |       0 |      10 |   0.0 |       0 |       7 |   0.0 |   432
               +---------+---------+-------+---------+---------+-------+---------
